 Dungeon Crawl Stone Soup version 0.21-a0-442-g848f44b (webtiles) character file.

9070 theanonym the Basher (level 11, -2/106 HPs)
             Began as a Gargoyle Berserker on Nov 16, 2017.
             Was a Priest of Trog.
             Slain by Snorg (21 damage)
             ... on level 10 of the Dungeon.
             The game lasted 00:23:12 (10102 turns).

theanonym the Basher (Gargoyle Berserker)          Turns: 10102, Time: 00:23:12

Health: -2/106     AC: 19    Str: 29    XL:     11   Next: 40%
Magic:  3/3        EV: 10    Int: 21    God:    Trog [***...]
Gold:   338        SH:  0    Dex: 15    Spells: 10/10 levels left

rFire    . . .     SeeInvis .   M - +9 flail "Sikupus" {antimagic, MR+ Int+4 Dex+2, MP-66%}
rCold    . . .     Gourm    .   (no shield)
rNeg     + + .     Faith    .   h - +0 chain mail
rPois    ∞         Spirit   .   y - +0 helmet
rElec    +         Reflect  .   (no cloak)
rCorr    .         Harm     .   B - +0 pair of gloves of the Sky {-Cast Regen+ Int+9 Stlth-}
MR       +++..     NoCast   +   (no boots)
Stlth    ..........             (no amulet)
HPRegen  1.67/turn              u - +4 ring of dexterity
MPRegen  0.08/turn              A - ring of positive energy {rN+}

@: berserking, starving, regenerating, very quick
A: negative energy resistance 1, electricity resistance, unbreathing,
petrification resistance, rot immunity, AC +8
a: Berserk, Trog's Hand, Burn Spellbooks, Renounce Religion


Innate Abilities, Weirdness & Mutations

You are resistant to torment.
Your stone body is resilient. (AC +8)
You are immune to poison.
You resist negative energy. (rN+)
You are resistant to electric shocks. (rElec)
You can survive without breathing.
You are immune to petrification.
You are immune to rotting.


   Skills:
 + Level 9.2 Fighting
 + Level 14.9 Maces & Flails
 + Level 3.0 Armour
 + Level 2.2 Dodging


You had 10 spell levels left.
You didn't know any spells.

Skill      XL: |  1  2  3  4  5  6  7  8  9 10 11 |
---------------+----------------------------------+-----
Maces & Flails | 4 5 6 8 9 11 13 14 | 14.9
Fighting       | 6 8 9 |  9.2
Armour         | 3 |  3.0
Dodging        | 2 |  2.2

Action                   |  1- 3 |  4- 6 |  7- 9 | 10-12 || total
-------------------------+-------+-------+-------+-------++-------
Melee: Mace              |   112 |    65 |       |       ||   177
       Flail             |       |    81 |   432 |    43 ||   556
       Morningstar       |       |       |    43 |   126 ||   169
Invok: Trog's Hand       |       |     7 |    14 |     6 ||    27
       Berserk           |       |     4 |    14 |     8 ||    26
Evoke: Wand              |       |       |     1 |     5 ||     6
  Use: Scroll            |       |     6 |     9 |     3 ||    18
       Potion            |       |     3 |     1 |       ||     4
  Eat: Chunk             |     1 |     9 |    20 |     3 ||    33
       Fruit             |       |       |     5 |     3 ||     8
       Royal jelly       |       |       |     3 |       ||     3
       Meat ration       |       |       |       |     3 ||     3
Armor: Animal skin       |     9 |       |       |       ||     9
       Ring mail         |    65 |    83 |       |       ||   148
       Chain mail        |       |    18 |   263 |    62 ||   343
Dodge: Dodged            |    79 |   122 |   196 |    50 ||   447

Inventory:

Hand Weapons
 M - the +9 flail "Sikupus" (weapon) {antimagic, MR+ Int+4 Dex+2, MP-66%}
   (You found it on level 9 of the Dungeon)

   It reduces the magical energy of the wielder, and disrupts the spells and
   magical abilities of those hit.
   Natural abilities and divine invocations are not affected.
   It affects your intelligence (+4).
   It affects your dexterity (+2).
   It affects your resistance to hostile enchantments.
Missiles
 b - a throwing net (quivered)
 n - 5 tomahawks
Armour
 h - a +0 chain mail (worn)
   (You took it off an orc on level 3 of the Dungeon)
 y - a +0 helmet (worn)
   (You took it off Robin on level 4 of the Dungeon)
 B - the +0 pair of gloves of the Sky (worn) {-Cast Regen+ Int+9 Stlth-}
   (You bought it in a shop on level 6 of the Dungeon)

   It affects your intelligence (+9).
   It prevents spellcasting.
   It increases your rate of regeneration.
   It makes you less stealthy.
Jewellery
 a - a cursed ring of loudness {unknown}
   (You found it on level 9 of the Dungeon)
 e - an uncursed ring of ice {rC+, rF-}
   (You found it on level 1 of the Dungeon)
 p - an uncursed ring of resist corrosion
   (You found it on level 9 of the Dungeon)
 u - a +4 ring of dexterity (left hand)
   (You found it on level 4 of the Dungeon)
 A - a ring of positive energy (right hand) {rN+}
   (You found it on level 4 of the Dungeon)
Wands
 i - a wand of scattershot (0/9)
   (You found it on level 8 of the Dungeon)
Scrolls
 f - 4 scrolls of magic mapping {unknown}
 g - a scroll of remove curse
 k - a scroll of fear {!r}
 r - a scroll of identify
 t - 4 scrolls of teleportation {!r}
 w - 5 scrolls of blinking {unknown}
 D - a scroll of summoning {unknown}
 I - 4 scrolls of fog {unknown}
 J - a scroll of enchant armour {unknown}
Potions
 d - 4 potions of mutation
 l - 6 potions of curing
 m - a potion of magic
 o - a potion of might
 q - 3 potions of heal wounds
 s - a potion of resistance
 v - a potion of haste
 z - a potion of brilliance
 C - 2 potions of flight
 E - 2 potions of ambrosia
 G - 2 potions of lignification
 H - 2 potions of agility
Comestibles
 c - 8 bread rations
 j - 2 fruits
 F - a royal jelly

Dungeon Overview and Level Annotations

Branches:
Dungeon (10/15)            Temple (1/1) D:5
   Lair: D:8-11         Orc: D:9-12

Altars:
Ashenzari
Cheibriados
Dithmenos
Elyvilon
Fedhas
Gozag
Hepliaklqana
Kikubaaqudgha
Makhleb
Nemelex Xobeh
Okawaru
Qazlal
Ru
Sif Muna
Trog
Uskayaw
Vehumet
Wu Jian
Xom
Yredelemnul
Zin
The Shining One

Shops:
D:6 [   D:7 :

Annotations:
D:5 Prince Ribbit
D:10 Snorg


You were on level 10 of the Dungeon.
You worshipped Trog.
Trog was most pleased with you.
You were starving.

You visited 2 branches of the dungeon, and saw 11 of its levels.
You also visited: Ossuary.

You collected 558 gold pieces.
You spent 220 gold pieces at shops.


Message History

r - a scroll of identify;
j - 2 fruits As you open the door, it creaks loudly!
There is an open door here.
C - 2 potions of flight (gained 1)
There is an open door here.
Done exploring.
Done exploring.
Done exploring.
Done exploring.
There is an open door here.
There is an open door here.
There is an open door here.
You open the door.
There is an open door here.
There is a stone staircase leading down here.
You climb downwards.
Found a scroll of fear.
Found a stone staircase leading up and two stone staircases leading down.
There is a stone staircase leading up here.
k - a scroll of fear {!r} 2 orcs and an orc wizard come into view.
The orc wizard shouts!
You hear an angry hiss.
You hear a shout!
The orc moves out of view.
A leopard gecko comes into view.
The leopard gecko hisses angrily.
An orc wizard comes into view. It is wielding a dagger.
Your skin crawls.
You feel resistant to hostile enchantments.
You are feeling very hungry.
The orc wizard gestures wildly while chanting.
The orc wizard blinks!
Found a meat ration.
An orc and Snorg come into view.
Snorg shouts!
The orc shouts!
You hear an angry hiss.
The orc wizard hits you but does no damage.
An adder comes into view.
You hit the orc wizard.
The orc wizard's magic leaks into the air.
The orc wizard hits you but does no damage.
You bludgeon the orc wizard!!
You kill the orc wizard!
Trog accepts your kill.
Trog appreciates your killing of a magic user.
A gargoyle comes into view. It is wielding a flail.
The leopard gecko closely misses you.
Snorg goes berserk!
The leopard gecko barely misses you.
Found a potion of lignification.
Things that are here:
an enchanted dagger; a robe You sock the leopard gecko!
You kill the leopard gecko!
Trog accepts your kill.
Snorg rages.
You closely miss Snorg. Snorg bites you. Snorg claws you! Snorg claws you.
You take 13 damage, and have 58/71 hp.
A red film seems to cover your vision as you go berserk!
You feel yourself moving faster!
You feel mighty!
You are starving!
Snorg barely misses you. Snorg claws you but does no damage.
Snorg barely misses you. Snorg bites you. Snorg barely misses you.
Snorg claws you!
You now have 81/106 hp.
You barely miss Snorg. You bludgeon Snorg!! Snorg bites you but does no damage.
Snorg claws you! Snorg claws you but does no damage.
You take 10 damage, and have 72/106 hp.
You closely miss Snorg. Snorg closely misses you.
Snorg claws you but does no damage. Snorg barely misses you.
The orc hits you but does no damage.
You completely miss Snorg. You closely miss Snorg. Snorg misses you.
Snorg claws you. Snorg claws you but does no damage.
The orc wizard mumbles some strange words.
The orc wizard seems to speed up.
The orc barely misses you.
You take 5 damage, and have 69/106 hp.
You barely miss the orc. Snorg bites you! Snorg claws you. Snorg claws you!
* * * LOW HITPOINT WARNING * * *
You take 22 damage, and have 47/106 hp.
MASSIVE DAMAGE!!
You closely miss the orc. You completely miss the orc.
Snorg bites you but does no damage. Snorg closely misses you.
Snorg claws you but does no damage. The orc hits you but does no damage.
You hit the orc. Snorg bites you.
* * * LOW HITPOINT WARNING * * *
Snorg claws you but does no damage. Snorg claws you!
* * * LOW HITPOINT WARNING * * *
You take 17 damage, and have 31/106 hp.
You hammer the orc like a gong!!!
You kill the orc!
Trog accepts your kill. Snorg bites you!
* * * LOW HITPOINT WARNING * * *
Snorg claws you but does no damage. x2
You take 14 damage, and have 17/106 hp.
Things that are here:
a leather armour; an orc corpse You are too berserk!
You sock Snorg! You closely miss Snorg. Snorg bites you!!
You die...

..... #.#########..#
.... #.#..........#
##..##.#...<.......
###......#...........
#....................
%......<.#...........
##......#...........
##..#.##........>..
#.. #@##...........
#.. #T##########>..
.. #S# .


.oo ..o.. ....... #........ ........#. ##!......#.# You could see Snorg
(berserk), an orc wizard, an adder and 2 orcs.

Notes
Turn   | Place    | Note
-------+----------+-------------------------------------------
     0 | D:1      | theanonym the Gargoyle Berserker began the quest for the Orb.
     0 | D:1      | Reached XP level 1. HP: 14/14 MP: 1/1
     6 | D:1      | Noticed a polar bear
     6 | D:1      | Noticed a wolf
     6 | D:1      | Noticed a black mamba
     7 | D:1      | Noticed a swamp drake
     7 | D:1      | Noticed a killer bee
   167 | D:1      | Reached XP level 2. HP: 18/19 MP: 2/2
   432 | D:1      | Reached skill level 4 in Maces & Flails
   567 | D:1      | Reached XP level 3. HP: 20/23 MP: 3/3
  1078 | D:2      | Reached ** piety under Trog
  1281 | D:2      | Reached XP level 4. HP: 23/28 MP: 4/4
  1444 | D:3      | HP: 12/28 [orc wizard/puff of frost (8)]
  1449 | D:3      | Reached skill level 5 in Maces & Flails
  1556 | D:3      | Reached XP level 5. HP: 24/32 MP: 5/5
  1769 | D:3      | Reached skill level 6 in Maces & Flails
  1881 | D:3      | HP: 10/32 [something/puff of flame (8)]
  2043 | D:3      | HP: 15/32 [worker ant (3)]
  2045 | D:3      | Reached XP level 6. HP: 15/37 MP: 6/6
  2555 | D:4      | Reached skill level 7 in Maces & Flails
  2611 | D:4      | Noticed Grinder
  2627 | D:4      | Killed Grinder
  2627 | D:4      | Reached skill level 8 in Maces & Flails
  2627 | D:4      | Reached XP level 7. HP: 41/41 MP: 7/7
  2807 | D:4      | Found a hazy altar of Hepliaklqana.
  2807 | D:4      | Found a shattered altar of Ashenzari.
  3232 | D:4      | Noticed Robin
  3258 | D:4      | Killed Robin
  3492 | D:5      | Entered Level 5 of the Dungeon
  3492 | D:5      | Noticed Duvessa
  3492 | D:5      | Noticed Dowan
  3502 | D:5      | Killed Duvessa
  3502 | D:5      | Reached skill level 9 in Maces & Flails
  3508 | D:5      | Killed Dowan
  3508 | D:5      | Reached XP level 8. HP: 46/46 MP: 8/8
  3638 | D:5      | Found a staircase to the Ecumenical Temple.
  3803 | D:5      | Noticed Prince Ribbit
  3805 | D:5      | Reached skill level 10 in Maces & Flails
  3827 | D:5      | HP: 20/46 [Prince Ribbit (6)]
  4050 | D:5      | HP: 21/46 [centaur (4)]
  4362 | D:5      | Noticed Sigmund
  4377 | D:5      | Killed Sigmund
  4377 | D:5      | Reached skill level 11 in Maces & Flails
  4670 | D:5      | Reached XP level 9. HP: 51/51 MP: 9/9
  4841 | D:6      | Found a sand-covered staircase.
  4846 | Ossuary  | Entered an ossuary
  4887 | Ossuary  | Reached *** piety under Trog
  4990 | Ossuary  | Noticed Menkaure
  4998 | Ossuary  | Killed Menkaure
  4998 | Ossuary  | Reached skill level 4 in Fighting
  5866 | D:6      | Found Unulumu's Armour Boutique.
  5869 | D:6      | Bought the +0 pair of gloves of the Sky {-Cast Regen+ Int+9 Stlth-} for 220 gold pieces
  5909 | D:6      | Found a blossoming altar of Fedhas.
  5967 | D:6      | Reached skill level 12 in Maces & Flails
  6252 | D:7      | Noticed a wizard
  6255 | D:7      | Noticed a wizard
  6258 | D:7      | Noticed a wizard
  6258 | D:7      | Noticed an orc sorcerer
  6366 | D:7      | Reached skill level 5 in Fighting
  6453 | D:7      | Killed a wizard
  6633 | D:7      | Reached skill level 6 in Fighting
  6638 | D:7      | Noticed a red devil
  6643 | D:7      | Killed an orc sorcerer
  6643 | D:7      | Reached skill level 13 in Maces & Flails
  6643 | D:7      | Reached XP level 10. HP: 61/61 MP: 10/10
  6717 | D:7      | Found Enilox's Book Boutique.
  6729 | D:7      | Killed a wizard
  6771 | D:7      | Reached skill level 7 in Fighting
  6955 | D:7      | Noticed a two-headed ogre
  6964 | D:7      | Killed a two-headed ogre
  7248 | D:7      | Killed a wizard
  7248 | D:7      | Reached skill level 14 in Maces & Flails
  8010 | D:8      | Noticed a two-headed ogre
  8021 | D:8      | Killed a two-headed ogre
  8021 | D:8      | Reached skill level 8 in Fighting
  8105 | D:8      | Noticed 4thArraOfDagon's ghost (novice TeFE)
  8120 | D:8      | Killed 4thArraOfDagon's ghost
  8120 | D:8      | Reached XP level 11. HP: 69/69 MP: 11/11
  8857 | Temple   | Entered the Ecumenical Temple
  9059 | D:9      | Noticed a skeletal warrior
  9059 | D:9      | Noticed a skeletal warrior
  9059 | D:9      | Noticed a skeletal warrior
  9072 | D:8      | Killed a skeletal warrior
  9475 | D:9      | Got a dazzling flail
  9476 | D:9      | Identified the +9 flail "Sikupus" {antimagic, MR+ Int+4 Dex+2} (You found it on level 9 of the Dungeon)
  9668 | D:9      | Reached skill level 9 in Fighting
  9899 | D:9      | Killed a skeletal warrior
  9946 | D:9      | Killed a skeletal warrior
  9946 | D:9      | Reached skill level 3 in Armour
  9946 | D:9      | Reached skill level 2 in Dodging
 10072 | D:10     | Entered Level 10 of the Dungeon
 10083 | D:10     | Noticed Snorg
 10095 | D:10     | HP: 47/106 [Snorg (15)]
 10099 | D:10     | HP: 17/106 [Snorg (15)]
 10102 | D:10     | Slain by Snorg

Vanquished Creatures
  2 two-headed ogres
  3 skeletal warriors
  3 wizards (D:7)
  The ghost of 4thArraOfDagon the Destroyer, a novice TeFE of Vehumet (D:8)
  An orc sorcerer (D:7)
  Grinder (D:4)
  Sigmund (D:5)
  Menkaure (Ossuary)
  Duvessa (D:5)
  3 ice beasts
  2 orc warriors
  A black bear (D:7)
  A sky beast (D:7)
  4 centaurs
  6 ogres
  A necrophage (D:8)
  5 bullfrogs
  Dowan (D:5)
  A scorpion (D:5)
  4 wights (D:6)
  A troll zombie (Ossuary)
  3 crimson imps
  A bullfrog skeleton (D:5)
  A centaur zombie (Ossuary)
  A jelly (D:8)
  2 orc priests (D:4)
  A gnoll shaman (D:4)
  2 hounds
  4 orc wizards
  4 iguanas
  7 worker ants
  3 ogre zombies (Ossuary)
  A hound zombie (D:7)
  6 mummies (Ossuary)
  Robin (D:4)
  6 gnolls
  A howler monkey skeleton (D:2)
  5 adders
  4 shadow imps
  3 adder zombies (Ossuary)
  3 adder skeletons
  A worm (D:2)
  5 dart slugs
  6 leopard geckos
  18 orcs
  6 bats
  4 giant cockroaches
  3 gnoll zombies (Ossuary)
  19 goblins
  5 hobgoblins
  15 jackals
  4 quokkas
  A ball python (D:5)
  6 frilled lizards
  A goblin zombie (Ossuary)
  4 hobgoblin zombies (Ossuary)
  A jackal skeleton (D:7)
  9 kobolds
  2 kobold zombies (Ossuary)
  An orc zombie (Ossuary)
  7 quokka zombies (Ossuary)
  6 rats
  4 rat zombies (Ossuary)
231 creatures vanquished.
